 Dungeon Crawl Stone Soup version 0.27-a0-890-ged2907cb04 (webtiles) character file.

Game seed: 1989690497686502329

365 Grimdewalt the Ducker (level 6, -4/46 HPs)
             Began as a Djinni Earth Elementalist on Apr 5, 2021.
             Slain by a two-headed ogre
             ... wielding a +0 giant spiked club
              (19 damage)
             ... on level 8 of the Dungeon.
             The game lasted 00:09:20 (2627 turns).

Grimdewalt the Ducker (Djinni Earth Elementalist)   Turns: 2627, Time: 00:09:20

Health: -4/46      AC:  5    Str:  7    XL:     6   Next: 68%
Gold:   164        EV: 13    Int: 18    God:
                   SH:  0    Dex: 14

rFire    + + .     SeeInvis .   (no weapon)
rCold    . . .     Faith    .   (no shield)
rNeg     . . .     Spirit   .   f - +0 troll leather armour
rPois    ∞         Reflect  .   (no helmet)
rElec    .         Harm     .   r - +0 cloak
rCorr    .         Rampage  .   (no gloves)
Will     +....                  (boots unavailable)
Stlth    ++........             i - amulet of regeneration
HPRegen  2.15/turn              t - ring of protection from cold
MPRegen  0.00/turn              n - ring of willpower

@: flying
A: fire resistance 2, cold vulnerability 1, float, innate caster, hp casting,
extra vitality 1
a: no special abilities


You were on level 8 of the Dungeon.
You visited 1 branch of the dungeon, and saw 6 of its levels.

You collected 164 gold pieces.

Inventory:

Missiles
 b - 144 stones
 o - 19 javelins
 p - 6 atropa-tipped darts
 u - 15 poisoned darts
Armour
 f - a +0 troll leather armour (worn)
 r - a +0 cloak (worn)
Jewellery
 d - an amulet of the acrobat
 g - a +4 ring of protection
 i - an amulet of regeneration (around neck)
 n - a ring of willpower (right hand)
 t - a ring of protection from cold (left hand)
Wands
 w - a wand of iceblast (5)
Scrolls
 c - a scroll of immolation {unknown}
 h - a scroll of summoning {unknown}
 k - a scroll of noise {unknown}
 l - a scroll of identify {unknown}
 m - a scroll of vulnerability {unknown}
 v - a scroll of teleportation {unknown}
Potions
 a - 3 potions of curing {unknown}
 e - a potion of attraction {unknown}
 j - a potion of might {unknown}
 q - a potion of resistance
 s - a potion of brilliance {unknown}


   Skills:
 + Level 3.5 Fighting
 + Level 4.6 Dodging
 - Level 1.5 Stealth
 + Level 4.1 Spellcasting


You couldn't memorise any spells.
You knew the following spells:

 Your Spells              Type           Power      Damage    Failure   Level
a - Sandblast             Erth           36%        2d10      4%          1
b - Passwall              Tmut/Erth      15%        N/A       6%          2
c - Stone Arrow           Conj/Erth      36%        3d9       12%         3
d - Petrify               Tmut/Erth      18%        N/A       36%         4
e - Lee's Rapid Deconstr  Erth           9%         3d8*      73%         5
f - Beastly Appendage     Tmut           36%        N/A       4%          1
g - Poisonous Vapours     Pois/Air       36%        N/A       6%          2
Your spell library was empty.

Dungeon Overview and Level Annotations

Branches:
Dungeon (8/15)
 Temple: D:4-7         Lair: D:8-11

Altars:
Xom

Annotations:
D:3 3 runed translucent doors, celly00's ghost, weakling DDFi


Innate Abilities, Weirdness & Mutations

You are immune to poison.
Your flesh is very heat resistant. (rF++)
You are vulnerable to cold. (rC-)
You float through the air rather than walking.
You learn spells naturally, not from books.
Your magical power is your life essence.
You have superior vitality. (+4 HP)


Message History

The blast of sand misses the killer bee.
The killer bee stings you.
The killer bee stings you but does no damage.
Casting: Sandblast (safe; 4% risk of failure)
Confirm with . or Enter, or press ? or * to list all spells.
Aiming: Sandblast (safe; 4% risk of failure)
Press: ? - help, Shift-Dir - straight line, f/p - killer bee
Aim: a killer bee (42% to evade)
The blast of sand hits the killer bee!
The killer bee is heavily wounded.
The killer bee closely misses you. x2
Casting: Sandblast (safe; 4% risk of failure)
Confirm with . or Enter, or press ? or * to list all spells.
Aiming: Sandblast (safe; 4% risk of failure)
Press: ? - help, Shift-Dir - straight line, f/p - killer bee
Aim: a killer bee (heavily wounded, 42% to evade)
The blast of sand hits the killer bee.
The killer bee is severely wounded.
The killer bee stings you but does no damage.
The killer bee stings you.
Casting: Sandblast (safe; 4% risk of failure)
Confirm with . or Enter, or press ? or * to list all spells.
Aiming: Sandblast (safe; 4% risk of failure)
Press: ? - help, Shift-Dir - straight line, f/p - killer bee
Aim: a killer bee (severely wounded, 42% to evade)
The blast of sand hits the killer bee.
The killer bee is almost dead.
The killer bee closely misses you. The killer bee barely misses you.
Casting: Sandblast (safe; 4% risk of failure)
Confirm with . or Enter, or press ? or * to list all spells.
Aiming: Sandblast (safe; 4% risk of failure)
Press: ? - help, Shift-Dir - straight line, f/p - killer bee
Aim: a killer bee (almost dead, 42% to evade)
The blast of sand hits the killer bee!
You kill the killer bee!
Found a stone staircase leading down.
A two-headed ogre comes into view.
It is wielding two +0 giant spiked clubs.
The two-headed ogre shouts in stereo!
Casting: Sandblast (safe; 4% risk of failure)
Confirm with . or Enter, or press ? or * to list all spells.
Aiming: Passwall (safe; 6% risk of failure)
Press: ? - help, Dir - move target A rock wall.
You begin to meditate on the wall.
You continue meditating on the rock. x2
The two-headed ogre hits you with a +0 giant spiked club!!
The two-headed ogre hits you with a +0 giant spiked club!
* * * LOW HITPOINT WARNING * * *
You continue meditating on the rock.
The two-headed ogre hits you with a +0 giant spiked club!!
You die...

## #. .. .. ###.## #.
.....###########.### #.####
##.#........##.....# #.#...
.##........##.##.....# #.#...
.........O.##.##.....####.#.<.
.##...##...##@##..............
#.........O.##.....######...
#....##......##.....######...
.............................#
......##.#.#.#################
.###........................
.. ......#.########.######
##.......#...h.... ..#
.>............... ....


You could see a two-headed ogre.

Vanquished Creatures
  A killer bee (D:8)
  A hound (D:4)
  Crazy Yiuf (D:2)
  Natasha (thrice) (D:2)
  An orc wizard (D:3)
  5 gnolls
  2 adders (D:2)
  A worm (D:2)
  2 dart slugs (D:1)
  8 orcs
  2 bats
  6 endoplasms
  A giant cockroach (D:2)
  10 goblins
  7 hobgoblins
  8 jackals
  7 kobolds
  3 quokkas
  5 ball pythons
  4 frilled lizards
  6 rats
84 creatures vanquished.

Vanquished Creatures (others)
  A plant (D:3)
1 creature vanquished.

Grand Total: 85 creatures vanquished

Notes
Turn   | Place    | Note
-------+----------+-------------------------------------------
     0 | D:1      | Grimdewalt the Djinni Earth Elementalist began the quest
                  | for the Orb.
     0 | D:1      | Reached XP level 1. HP: 15/15 MP: 0/0
   167 | D:1      | Reached XP level 2. HP: 16/22 MP: 0/0
   171 | D:1      | Reached skill level 1 in Fighting
   433 | D:1      | Reached XP level 3. HP: 27/27 MP: 0/0
   433 | D:1      | Learned a level 1 spell: Beastly Appendage
  1034 | D:2      | Found a faded altar of an unknown god.
  1053 | D:2      | Noticed Natasha
  1058 | D:2      | Killed Natasha
  1059 | D:2      | Reached XP level 4. HP: 33/33 MP: 0/0
  1146 | D:2      | Noticed Natasha
  1153 | D:2      | Killed Natasha
  1255 | D:2      | Reached XP level 5. HP: 38/39 MP: 0/0
  1255 | D:2      | Learned a level 2 spell: Poisonous Vapours
  1419 | D:2      | Noticed Natasha
  1425 | D:2      | Killed Natasha
  1646 | D:2      | Found a runed translucent door.
  1647 | D:2      | Noticed Crazy Yiuf
  1652 | D:2      | Killed Crazy Yiuf
  1735 | D:3      | Found a runed translucent gate.
  1735 | D:3      | Found a runed translucent gate.
  1738 | D:3      | Found a runed translucent gate.
  1741 | D:3      | Noticed celly00's ghost (weakling DDFi)
  1851 | D:3      | Found a shimmering altar of Xom.
  2007 | D:3      | Reached XP level 6. HP: 45/46 MP: 0/0
  2516 | D:4      | You are sucked into a shaft and drop 3 floors!
  2588 | D:8      | Noticed a black bear
  2615 | D:8      | Noticed a two-headed ogre
  2627 | D:8      | Slain by a two-headed ogre

Illustrated notes

Levels and vault maps discovered:
D:1:      dpeg_arrival_rooms_c, layout_loops_cross
D:2:      layout_loops_ring, basic_ecumenical_altar, amcnicky_mini_pool_small,
          chequers_decorated_corner, uniq_crazy_yiuf_cottage, uniq_natasha
D:3:      corexii_shack_village, layout_loops_ring,
          nicolae_overflow_crystal_walls, gammafunk_ghost_split
D:4:      layout_gridville
D:7:      layout_rooms, nicolae_overflow_hidden_temple, eino_jars
D:8:      layout_basic, nicolae_wu_jian_immortal_techniques, uniq_pikel,
          uniq_erica, uniq_prince_ribbit1

Skill      XL: |  1  2  3  4  5  6 |
---------------+-------------------+-----
Fighting       | 1 2 3 |  3.5
Spellcasting   | 3 4 |  4.1
Dodging        | 3 4 |  4.6
Stealth        | |  1.5

Action                   |  1- 3 |  4- 6 || total
-------------------------+-------+-------++-------
Melee: Unarmed           |    72 |    57 ||   129
 Cast: Sandblast         |    28 |    10 ||    38
       Stone Arrow       |     4 |    73 ||    77
       Passwall          |       |     1 ||     1
 Stab: Sleeping          |     5 |       ||     5
Armor: Troll leather arm |    28 |    36 ||    64
Dodge: Dodged            |    59 |    78 ||   137

Table legend: (Time is in decaauts)
 A = Elapsed time spent in this place.
 B = Non-inter-level travel time spent in this place.
 C = Inter-level travel time spent in this place.
 D = Time resting spent in this place.
 E = Time spent auto-exploring this place.
 F = Levels seen in this place.
 G = Mean time per level.
                   A        B        C        D        E       F      G
               +--------+--------+--------+--------+--------+-----+--------+
         Total |   2623 |   2492 |    131 |      8 |   1921 |   6 |  437.2 |
       Dungeon |   2623 |   2492 |    131 |      8 |   1921 |   6 |  437.2 |
               +--------+--------+--------+--------+--------+-----+--------+

Top non-repeatable levels by time:
     D:1: 886 daAuts
     D:2: 844 daAuts
     D:3: 629 daAuts
     D:4: 152 daAuts
     D:8: 87 daAuts
     D:7: 22 daAuts
